 Seeded DCSS version 0.28-a0-1117-g0bdd5ba030 (webtiles) character file.

Game seed: 16008875487339432128 (custom seed)

4326 croobank the Spear-Bearer (level 10, -3/60 HPs)
             Began as an Octopode Conjurer on Dec 11, 2021.
             Was a High Priest of Lugonu.
             Slain by a wolf (10 damage)
             ... led by Grum
             ... on level 8 of the Dungeon.
             The game lasted 01:02:48 (10921 turns).

croobank the Spear-Bearer (Octopode Conjurer)      Turns: 10921, Time: 01:02:49

Health: -3/60      AC:  3    Str: 11    XL:     10   Next: 33%
Magic:  13/13      EV: 15    Int: 24    God:    Lugonu [*****.]
Gold:   611        SH:  0    Dex: 15    Spells: 2/14 levels left

rFire   . . .      SeeInvis +   r - +5 spear "Siroguso" {protect, Fragile Fly Dex+7 Stlth+}
rCold   . . .      Faith    .   (no shield)
rNeg    . . .      Spirit   .   (helmet restricted)
rPois   +          Reflect  .   G - necklace of Bloodlust {*Rage Will++ Int-3 Slay+6}
rElec   .          Harm     .   n - ring of see invisible
rCorr   .          Rampage  .   d - +6 ring of intelligence
Will    ++...      Rage     50% H - ring of poison resistance
Stlth   +++++.....              (no ring)
HPRegen 0.20/turn               (no ring)
MPRegen 0.13/turn               (no ring)
                                (no ring)
                                (no ring)

@: on berserk cooldown, flying, hasted and slowed
A: almost no armour, amphibious, 8 rings, camouflage 1, gelatinous body 1,
(nimble swimmer 1), tentacles, iridescent scales 1, clumsy 1
a: Renounce Religion, Depart the Abyss, Bend Space, Banish, Corrupt, Enter the
Abyss


You were on level 8 of the Dungeon.
You worshipped Lugonu.
Lugonu was extremely pleased with you.
You visited 1 branch of the dungeon, and saw 9 of its levels.
You also visited: Ossuary.

You collected 611 gold pieces.

Inventory:

Hand Weapons
 a - a +0 falchion
 b - a +0 vorpal hunting sling
 j - a +0 dagger
 r - the +5 spear "Siroguso" (weapon) {protect, Fragile Fly Dex+7 Stlth+}
   (You found it on level 6 of the Dungeon)

   It grants its wielder temporary protection when it strikes (+7 to AC).
   Dex:       It affects your dexterity (+7).
   Fly:       It grants you flight.
   Fragile:   It will be destroyed if unequipped.
   Stlth:     It makes you more stealthy.
 y - a +0 antimagic whip
 D - a +4 falchion
 E - a +5 scimitar
 I - a +4 scimitar of holy wrath
Missiles
 f - 268 stones
 g - 35 sling bullets
 l - 4 throwing nets
Magical Staves
 u - a staff of conjuration
Jewellery
 d - a +6 ring of intelligence (right tentacle)
 e - an amulet of reflection
 n - a ring of see invisible (left tentacle)
 G - the necklace of Bloodlust (around mantle) {*Rage Will++ Int-3 Slay+6}
   (You found it on level 7 of the Dungeon)

   [amulet of nothing]

   It extends the wearer's berserk rage when killing foes.
   Int:       It affects your intelligence (-3).
   Slay:      It affects your accuracy & damage with ranged weapons and melee
   (+6).
   *Rage:     It berserks you when you make melee attacks (+50% chance).
   Will:      It greatly increases your willpower.
 H - a ring of poison resistance (on tentacle)
 J - a ring of flight
Wands
 w - a wand of flame (8)
Scrolls
 c - 9 scrolls of identify {identify}
 m - 3 scrolls of enchant weapon {enchant weapon, unknown}
 x - 2 scrolls of teleportation {teleport, unknown}
 B - a scroll of magic mapping {magic mapping, unknown}
 F - a scroll of holy word {holy word, unknown}
Potions
 o - 3 potions of flight {flight, unknown}
 q - a potion of might {might, unknown}
 t - 3 potions of attraction {attraction, unknown}
 v - a potion of mutation {mutation}
 z - a potion of cancellation {cancellation, unknown}
 C - a potion of degeneration {degeneration, unknown}


   Skills:
 - Level 1.8 Fighting
 + Level 6.4 Long Blades
 + Level 9.6(9.7) Polearms
 - Level 1.9(6.3) Staves
 - Level 1.3 Slings
 + Level 5.8 Dodging
 - Level 5.0 Stealth
 - Level 1.9 Shields
 - Level 2.6 Spellcasting
 - Level 4.9 Conjurations
 - Level 3.3 Invocations


You had 2 spell levels left.
You knew the following spells:

 Your Spells              Type           Power      Damage    Failure   Level
a - Magic Dart            Conj           100%       1d8       1%          1
b - Searing Ray           Conj           54%        2d6       2%          2
c - Dazzling Flash        Conj/Hex       30%        N/A       12%         3
d - Fulminant Prism       Conj/Hex       7%         3d7       38%         4
e - Ensorcelled Hibernat  Hex/Ice        6%         N/A       17%         2

Your spell library contained the following spells:

 Spells                   Type           Power      Damage    Failure   Level
 Sandblast                Erth           6%         2d5       12%         1
 Passwall                 Tmut/Erth      2%         N/A       17%         2
 Stone Arrow              Conj/Erth      30%        3d8       12%         3
 Confusing Touch          Hex            3%         N/A       34%         3
 Iskenderun's Mystic Bla  Conj/Tloc      15%        2d5       38%         4
 Freezing Cloud           Conj/Ice/Air   5%         6-21      85%         5
 Summon Mana Viper        Hex/Summ       3%         N/A       97%         5
 Simulacrum               Ice/Necr       1%         N/A       100%        6
 Polar Vortex             Ice            1%         N/A       100%        9


Dungeon Overview and Level Annotations

Branches:
Dungeon (9/15)             Temple (0/1) D:7         Ossuary (visited)
   Lair: D:8-11         Orc: D:9-12

Altars:
Okawaru
Ru
Wu Jian
The Shining One
Lugonu

Annotations:
D:3 2 transporters, pokeman's ghost, amateur DEWz
D:8 Grum; Psyche; Sigmund


Innate Abilities, Weirdness & Mutations

You cannot wear most types of armour.
You are amphibious.
You can wear up to eight rings at the same time.
Your skin changes colour to match your surroundings (Stealth+).
Your rubbery body absorbs attacks. (AC +1, EV +1)
((You are camouflaged near water. (Stealth+)))
You have tentacles for arms and can constrict up to eight enemies at once.
You are partially covered in iridescent scales. (AC +2)
You are clumsy. (Dex -2)


Message History

You constrict the wolf. The wolf closely misses you.
You hit the wolf.
The wolf is almost dead.
You constrict the wolf. The wolf bites you. The wolf barely misses you.
You hit the wolf.
You kill the wolf!
Lugonu accepts your kill.
You see here a wolf corpse.
Grum throws a poisoned dart.
The poisoned dart barely misses you. Grum hits you with a -1 spear!
The wolf howls!
You puncture Grum!
Your weapon exudes an aura of protection.
You grab Grum.
Grum is moderately wounded.
You constrict Grum, but do no damage. Grum hits you with a -1 spear.
You hit Grum. You squeeze Grum.
Grum is heavily wounded.
You constrict Grum, but do no damage. Grum hits you with a -1 spear!!
* * * LOW HITPOINT WARNING * * *
Okay, then.
Okay, then.
Space bends around you!
You blink.
You lose your grip on Grum.
The wolf bites you but does no damage. x2; Grum closely misses you.
The wolf bites you but does no damage. Grum hits you but does no damage.
It was a potion of haste {haste}.
You feel yourself speed up. The wolf barely misses you.
The wolf closely misses you. Grum barely misses you.
Grum throws a poisoned dart.
The poisoned dart hits you! The wolf bites you but does no damage.
The wolf bites you.
* * * LOW HITPOINT WARNING * * *
The wolf bites you.
* * * LOW HITPOINT WARNING * * *
The wolf closely misses you.
There is a stone staircase leading down here.
The wolf bites you.
* * * LOW HITPOINT WARNING * * *
The wolf bites you!
You die...

##..##### ###..†.##
####. #####.## .....
#...# ...... ###...#
...... ###.....#
#......
.........####.......
##..................
###...(..gh@.......
###.........?....
##.............
#.............
#...##..........
#.#####.....#...#
#.. #....## #..# ..
#....# #..## #..##


You could see Grum and a wolf.

Vanquished Creatures
  Maggie (D:8)
  3 wyverns
  Eustachio (D:5)
  A yak (D:5)
  A basilisk (D:9)
  Edmund (D:4)
  4 water moccasins
  An ice beast (D:6)
  2 black bears
  An orc warrior (D:9)
  A wolf (D:8)
  2 phantoms
  The ghost of random13 the Insei, an amateur OpTm (D:4)
  An elf zombie (Ossuary)
  Blork the orc (D:5)
  A gnoll sergeant (D:7)
  2 bullfrogs
  A wyvern zombie (D:7)
  2 scorpions (D:5)
  A water moccasin skeleton (D:5)
  4 wights (D:6)
  7 howler monkeys
  A bullfrog zombie (D:5)
  4 centaur skeletons
  An orc priest (D:9)
  A gnoll shaman (D:7)
  3 iguanas
  Jessica (D:3)
  2 bullfrog skeletons
  10 orc wizards
  A hound zombie (D:5)
  A hound skeleton (D:5)
  2 mummies (Ossuary)
  A howler monkey zombie (D:5)
  8 gnolls (D:7)
  8 adders
  An adder skeleton (D:5)
  2 worms (D:3)
  The ghost of meatgazer the Skirmisher, a weakling MiAK of Lugonu (D:5)
  4 dart slugs
  29 orcs
  3 endoplasms
  A giant cockroach (D:4)
  3 gnoll zombies (Ossuary)
  5 goblins
  8 hobgoblins
  4 jackals (D:2)
  3 quokkas
  8 ball pythons
  6 bats
  4 frilled lizards
  5 goblin zombies (Ossuary)
  9 kobolds
  5 orc zombies (Ossuary)
  9 rats
194 creatures vanquished.

Vanquished Creatures (others)
  3 fulminant prisms
3 creatures vanquished.

Grand Total: 197 creatures vanquished

Notes
Turn   | Place    | Note
-------+----------+-------------------------------------------
     0 | D:1      | croobank the Octopode Conjurer began the quest for the Orb.
     0 | D:1      | Reached XP level 1. HP: 11/11 MP: 3/3
   245 | D:1      | Reached XP level 2. HP: 8/17 MP: 5/5
   437 | D:1      | Noticed a shining eye
   439 | D:1      | Found a faded altar of an unknown god.
   441 | D:1      | Noticed a golden eye
   441 | D:1      | Noticed an eye of devastation
   441 | D:1      | Noticed an eye of devastation
   479 | D:1      | Reached skill level 1 in Staves
   864 | D:1      | Prayed at the altar of an unknown god.
   864 | D:1      | Became a worshipper of Lugonu the Unformed
   864 | D:1      | Reached * piety under Lugonu
   864 | D:1      | Reached ** piety under Lugonu
  1643 | D:2      | Reached XP level 3. HP: 22/22 MP: 1/6
  1651 | D:2      | Learned a level 2 spell: Searing Ray
  1655 | D:2      | Learned a level 3 spell: Dazzling Flash
  1790 | D:2      | Reached skill level 1 in Invocations
  2198 | D:2      | Reached XP level 4. HP: 27/27 MP: 4/7
  2515 | D:2      | Reached skill level 1 in Fighting
  3210 | D:3      | Found a transporter.
  3210 | D:3      | Noticed pokeman's ghost (amateur DEWz)
  3408 | D:3      | Reached *** piety under Lugonu
  3775 | D:3      | Found an ornate altar of the Wu Jian Council.
  3867 | D:3      | Found a transporter.
  3915 | D:3      | Noticed Jessica
  3923 | D:3      | Killed Jessica
  3924 | D:3      | Reached skill level 1 in Shields
  3924 | D:3      | Reached XP level 5. HP: 20/33 MP: 8/8
  4331 | D:4      | Found a sand-covered staircase.
  4340 | Ossuary  | Entered an ossuary
  4417 | Ossuary  | Reached skill level 1 in Long Blades
  4417 | Ossuary  | Reached XP level 6. HP: 12/38 MP: 4/9
  4962 | D:5      | Entered Level 5 of the Dungeon
  5057 | D:6      | Identified the +5 spear "Siroguso" {protect, Fragile Fly
                  | Dex+7 Stlth+}
  5228 | D:4      | Noticed Edmund
  5237 | D:4      | Killed Edmund
  5238 | D:4      | Reached skill level 1 in Polearms
  5238 | D:4      | Reached skill level 1 in Slings
  5452 | D:4      | Reached XP level 7. HP: 33/43 MP: 10/10
  5463 | D:4      | Learned a level 4 spell: Fulminant Prism
  5663 | D:4      | You are sucked into a shaft and drop 2 floors!
  5764 | D:6      | Reached skill level 2 in Polearms
  5997 | D:4      | Found a runed translucent door.
  5997 | D:4      | Noticed random13's ghost (amateur OpTm)
  6468 | D:4      | Killed random13's ghost
  6469 | D:4      | Reached skill level 5 in Stealth
  6685 | D:5      | Noticed Eustachio
  6698 | D:5      | Killed Eustachio
  6699 | D:5      | Reached skill level 4 in Polearms
  6699 | D:5      | Reached XP level 8. HP: 35/50 MP: 1/11
  6794 | D:5      | Found a glowing golden altar of the Shining One.
  6848 | D:5      | Reached **** piety under Lugonu
  6988 | D:5      | Noticed a yak
  7061 | D:5      | Reached skill level 5 in Polearms
  7146 | D:5      | Reached skill level 6 in Polearms
  7259 | D:5      | Killed a yak
  7303 | D:5      | Reached skill level 7 in Polearms
  7303 | D:5      | Noticed Blork the orc
  7320 | D:5      | Killed Blork the orc
  7321 | D:5      | Reached XP level 9. HP: 21/54 MP: 6/12
  7606 | D:5      | Found a runed translucent door.
  7607 | D:5      | Noticed meatgazer's ghost (weakling MiAK)
  7621 | D:5      | Killed meatgazer's ghost
  8087 | D:6      | Reached skill level 8 in Polearms
  8585 | D:6      | Gained mutation: You are clumsy. (Dex -2) [potion of
                  | mutation]
  8585 | D:6      | Gained mutation: You are partially covered in iridescent
                  | scales. (AC +2) [potion of mutation]
  8922 | D:8      | HP: 2/54 [wyvern (11)]
  9381 | D:7      | Reached ***** piety under Lugonu
  9575 | D:7      | Found the necklace of Bloodlust {*Rage Will++ Int-3 Slay+6}
  9649 | D:7      | Got the Disquisition on Malediction
  9653 | D:7      | Learned a level 2 spell: Ensorcelled Hibernation
  9751 | D:7      | Reached skill level 5 in Long Blades
  9852 | D:7      | Found a staircase to the Ecumenical Temple.
 10025 | D:8      | Noticed Maggie
 10039 | D:8      | Killed Maggie
 10040 | D:8      | Reached skill level 9 in Polearms
 10098 | D:8      | Reached XP level 10. HP: 43/60 MP: 13/13
 10330 | D:8      | Reached skill level 5 in Dodging
 10507 | D:9      | Found an iron altar of Okawaru.
 10539 | D:9      | Noticed an elephant
 10561 | D:9      | Found a sacrificial altar of Ru.
 10860 | D:8      | Noticed Grum
 10883 | D:8      | Noticed Psyche
 10883 | D:8      | Noticed Sigmund
 10921 | D:8      | Slain by a wolf

Illustrated notes

Levels and vault maps discovered:
D:1:      heliophobic_arrival_henge, layout_basic,
          hellmonk_ecumenical_altar_watching_god
D:2:      layout_basic
D:3:      minmay_inner_zag, layout_basic, nzn_wu_jian_council_hall,
          gammafunk_ghost_stat_death, kennysheep_jessica_study, uniq_jessica
D:4:      layout_loops_corners, hellmonk_ghost_happy_afterlife,
          lightli_ossuary_entry_decrepit_ruins, uniq_edmund
D:5:      minmay_clustersquares, layout_loops_ring, tso_metal_star,
          gammafunk_ghost_grave, uniq_blork_the_orc, uniq_eustachio
D:6:      layout_basic
D:7:      layout_loops_ring, minmay_temple_entry_glassed_door
D:8:      erik_cavepeople, layout_layer_cave, uniq_grum, uniq_maggie
D:9:      layout_long_grid, okawaru_ov_weapons_minmay, lemuel_doored_altar,
          david_lair_generic, minmay_orc_entry_temple_small

Skill      XL: |  1  2  3  4  5  6  7  8  9 10 |
---------------+-------------------------------+-----
Staves         | 1 |  1.9
Invocations    | 1 2 3 |  3.3
Stealth        | 3 4 5 |  5.0
Fighting       | 1 |  1.8
Shields        | 1 |  1.9
Long Blades    | 1 3 5 6 |  6.4
Polearms       | 1 4 7 9 |  9.6
Slings         | 1 |  1.3
Dodging        | 4 5 |  5.8
Spellcasting   | |  2.6
Conjurations   | |  4.9

Action                   |  1- 3 |  4- 6 |  7- 9 | 10-12 || total
-------------------------+-------+-------+-------+-------++-------
Melee: Staff             |    63 |    33 |       |       ||    96
       Unarmed           |     5 |       |       |       ||     5
       Tentacles         |    12 |    31 |    48 |     9 ||   100
       Constrict         |    17 |    25 |    48 |     7 ||    97
       Falchion          |       |    52 |       |       ||    52
       Spear             |       |    26 |   292 |    40 ||   358
 Fire: Hunting sling     |       |    14 |       |       ||    14
 Cast: Magic Dart        |    22 |    35 |    39 |     3 ||    99
       Dazzling Flash    |     1 |       |       |       ||     1
       Searing Ray       |       |     3 |     9 |     1 ||    13
       Fulminant Prism   |       |       |     3 |       ||     3
       Ensorcelled Hiber |       |       |     4 |       ||     4
Invok: Bend Space        |       |       |     1 |     1 ||     2
  Use: Scroll            |     1 |     2 |     2 |     5 ||    10
       Potion            |       |     1 |     1 |     3 ||     5
 Stab: Sleeping          |     5 |    10 |    13 |     1 ||    29
Armor: Skin              |     7 |     6 |    58 |    17 ||    88
Dodge: Dodged            |    56 |    60 |   138 |    30 ||   284
Block: Other             |    12 |    22 |    46 |       ||    80
       Reflection        |       |     1 |       |       ||     1

Table legend: (Time is in decaauts)
 A = Elapsed time spent in this place.
 B = Non-inter-level travel time spent in this place.
 C = Inter-level travel time spent in this place.
 D = Time resting spent in this place.
 E = Time spent auto-exploring this place.
 F = Levels seen in this place.
 G = Mean time per level.
                   A        B        C        D        E       F      G
               +--------+--------+--------+--------+--------+-----+--------+
         Total |  10915 |  10630 |    285 |   3079 |   5431 |  10 | 1091.5 |
       Dungeon |  10317 |  10032 |    285 |   2719 |   5335 |   9 | 1146.3 |
       Ossuary |    598 |    598 |      0 |    360 |     96 |   1 |  598.0 |
               +--------+--------+--------+--------+--------+-----+--------+

Top non-repeatable levels by time:
     D:1: 1642 daAuts
     D:5: 1569 daAuts
     D:3: 1340 daAuts
     D:2: 1313 daAuts
     D:8: 1299 daAuts
     D:4: 1256 daAuts
     D:6: 931 daAuts
     D:7: 821 daAuts
 Ossuary: 598 daAuts
     D:9: 143 daAuts
